 Dungeon Crawl Stone Soup version 0.27-a0-1545-g3eddc1d3d3 (webtiles) character file.

Game seed: 13602090747077012202

52529 Morbidden the Destroyer (level 13, 0/104 HPs)
             Began as a Demigod Conjurer on July 13, 2021.
             Slain by an eight-headed hydra (2 damage)
             ... while petrified by a basilisk
             ... on level 6 of the Lair of Beasts.
             The game lasted 00:36:02 (23031 turns).

Morbidden the Destroyer (Demigod Conjurer)         Turns: 23031, Time: 00:36:03

Health: 0/104      AC:  9    Str: 14    XL:     13   Next: 94%
Magic:  16/49      EV:  2    Int: 32    God:
Gold:   753        SH:  0    Dex: 12    Spells: 10/31 levels left

rFire    + . .     SeeInvis .   a - +3 scimitar (flame)
rCold    . . .     Faith    .   l - +0 buckler
rNeg     + + +     Spirit   .   J - +1 ring mail of Dogmatism {rN+ Regen+ Slay+2 Stlth+}
rPois    ∞         Reflect  .   y - +0 helmet "Nilimicw" {rElec rPois rF+ Str+2}
rElec    +         Harm     .   (no cloak)
rCorr    .         Rampage  .   (no gloves)
Will     +....                  B - +0 pair of boots
Stlth    +++.......             x - amulet of regeneration
HPRegen  2.27/turn              g - ring of magical power
MPRegen  0.31/turn              M - ring of magical power

@: petrified
A: high mp 1, forlorn
a: no special abilities


You were on level 6 of the Lair of Beasts.
You visited 3 branches of the dungeon, and saw 19 of its levels.
You also visited: Sewer and Ossuary.

You collected 1257 gold pieces.
You spent 504 gold pieces at shops.

Inventory:

Hand Weapons
 a - a +3 scimitar of flaming (weapon)
 b - a +1 dagger of venom
Missiles
 t - 2 curare-tipped darts (quivered)
 K - a throwing net
 O - 22 boomerangs
Armour
 l - a +0 buckler (worn)
 y - the +0 helmet "Nilimicw" (worn) {rElec rPois rF+ Str+2}
   (You acquired it on level 11 of the Dungeon)

   Str:       It affects your strength (+2).
   rF:        It protects you from fire.
   rElec:     It insulates you from electricity.
   rPois:     It protects you from poison.
 B - a +0 pair of boots (worn)
 J - the +1 ring mail of Dogmatism (worn) {rN+ Regen+ Slay+2 Stlth+}
   (You found it on level 7 of the Dungeon)

   Slay:      It affects your accuracy & damage with ranged weapons and melee
   (+2).
   rN:        It protects you from negative energy.
   Regen:     It increases your rate of health regeneration.
   Stlth:     It makes you more stealthy.
 V - the +3 robe of Clouds {+Thunder rCloud rElec}
   (You found it on level 5 of the Lair of Beasts)

   rElec:     It insulates you from electricity.
Jewellery
 g - a ring of magical power (left hand)
 h - a ring of protection from cold
 i - a +6 ring of dexterity
 n - a ring of poison resistance
 r - a ring of ice
 x - an amulet of regeneration (around neck)
 M - a ring of magical power (right hand)
Wands
 w - a wand of flame (21)
 C - a wand of charming (10)
 I - a wand of iceblast (11)
 W - a wand of acid (10)
Scrolls
 c - 17 scrolls of identify
 d - a scroll of immolation
 e - 5 scrolls of amnesia
 f - 10 scrolls of teleportation
 j - 5 scrolls of blinking
 m - 2 scrolls of magic mapping
 p - a scroll of enchant armour
 q - 6 scrolls of fog
 F - 3 scrolls of fear
 N - a scroll of enchant weapon {unknown}
 P - 2 scrolls of vulnerability {unknown}
 Q - a scroll of torment {unknown}
 R - a scroll of brand weapon {unknown}
 S - 2 scrolls of holy word {unknown}
Potions
 k - 9 potions of haste {unknown}
 o - 2 potions of berserk rage {unknown}
 s - 5 potions of curing
 u - 7 potions of flight
 v - 8 potions of heal wounds
 z - 3 potions of magic {unknown}
 A - 2 potions of mutation {unknown}
 D - 4 potions of might
 E - a potion of experience {unknown}
 G - 5 potions of cancellation
 H - 5 potions of ambrosia
 L - a potion of lignification
 T - a potion of attraction {unknown}
 U - a potion of invisibility {unknown}


   Skills:
 * Level 6.9 Fighting
 + Level 4.9(6.0) Short Blades
 * Level 5.2(6.2) Long Blades
 + Level 0.9 Throwing
 + Level 5.5 Armour
 * Level 7.5 Dodging
 + Level 3.9 Stealth
 + Level 5.7 Shields
 * Level 9.8 Spellcasting
 + Level 10.4 Conjurations
 * Level 5.9 Necromancy
 + Level 5.0 Translocations
 * Level 4.1 Transmutations
 * Level 4.3 Fire Magic
 * Level 2.7 Earth Magic
 + Level 0.5 Evocations


You had 10 spell levels left.
You knew the following spells:

 Your Spells              Type           Power      Damage    Failure   Level
a - Iskenderun's Mystic   Conj/Tloc      60%        2d13      2%          4
b - Bolt of Magma         Conj/Fire/Erth 26%        4d12      16%         5
c - Vampiric Draining     Necr           26%        2d9       1%          3
d - Statue Form           Tmut/Erth      24%        N/A       92%         6
e - Searing Ray           Conj           100%       3d7       1%          2
z - Magic Dart            Conj           100%       1d8       1%          1

Your spell library contained the following spells:

 Spells                   Type           Power      Damage    Failure   Level
 Animate Skeleton         Necr           100%       N/A       1%          1
 Pain                     Necr           100%       1d9       1%          1
 Conjure Flame            Conj/Fire      58%        6-21      1%          3
 Dazzling Flash           Conj/Hex       98%        N/A       1%          3
 Gell's Gravitas          Tloc           23%        N/A       2%          3
 Teleport Other           Tloc           47%        N/A       2%          3
 Sticky Flame             Conj/Fire      58%        2d7       2%          4
 Ignite Poison            Fire/Tmut/Pois 33%        N/A       5%          3
 Corona                   Hex            16%        N/A       6%          1
 Summon Small Mammal      Summ           60%        N/A       6%          1
 Portal Projectile        Hex/Tloc       62%        N/A       6%          3
 Fulminant Prism          Conj/Hex       24%        3d13      7%          4
 Inner Flame              Hex/Fire       29%        N/A       8%          3
 Ensorcelled Hibernation  Hex/Ice        30%        N/A       9%          2
 Agony                    Necr           52%        N/A       14%         5
 Excruciating Wounds      Necr           26%        N/A       14%         5
 Call Canine Familiar     Summ           15%        N/A       19%         3
 Summon Guardian Golem    Hex/Summ       15%        N/A       19%         3
 Tukima's Dance           Hex            15%        N/A       19%         3
 Leda's Liquefaction      Hex/Erth       12%        N/A       34%         4
 Cause Fear               Hex            7%         N/A       52%         4
 Dispersal                Tloc           23%        N/A       75%         6
 Silence                  Hex/Air        7%         N/A       86%         5
 Discord                  Hex            7%         N/A       100%        8


Dungeon Overview and Level Annotations

Branches:
Dungeon (12/15)            Temple (0/1) D:6            Lair (6/6) D:10
  Swamp (1/4) Lair:3        Snake (0/4) Lair:2          Orc (0/2) D:12
  Sewer (visited)         Ossuary (visited)
  Slime: Lair:5-6

Shops:
D:4 :   D:6 *   D:8 (

Annotations:
Lair:3 exclusion: oklob plant


Innate Abilities, Weirdness & Mutations

Your attributes grow dramatically as you level up.
You have an increased reservoir of magic. (+10% MP)
You shall have no god before yourself.


Message History

The eight-headed hydra bites you! The eight-headed hydra bites you.
The eight-headed hydra bites you!
The eight-headed hydra bites you but does no damage.
The eight-headed hydra bites you!
The eight-headed hydra bites you but does no damage.
The eight-headed hydra bites you.
The eight-headed hydra bites you but does no damage.
The eight-headed hydra bites you. The eight-headed hydra bites you! x3
The eight-headed hydra bites you.
The eight-headed hydra bites you but does no damage.
The eight-headed hydra bites you!
The eight-headed hydra bites you! x2; The eight-headed hydra bites you.
The eight-headed hydra bites you but does no damage.
The eight-headed hydra bites you! x3; The eight-headed hydra bites you.
* * * LOW HITPOINT WARNING * * *
The blink frog hits you but does no damage.
The eight-headed hydra bites you but does no damage.
The eight-headed hydra bites you.
* * * LOW HITPOINT WARNING * * *
The eight-headed hydra bites you.
* * * LOW HITPOINT WARNING * * *
The eight-headed hydra bites you.
* * * LOW HITPOINT WARNING * * *
The eight-headed hydra bites you!
* * * LOW HITPOINT WARNING * * *
The eight-headed hydra bites you!
* * * LOW HITPOINT WARNING * * *
The eight-headed hydra bites you but does no damage.
The eight-headed hydra bites you!
* * * LOW HITPOINT WARNING * * *
The blink frog blinks!
The eight-headed hydra bites you!
* * * LOW HITPOINT WARNING * * *
The eight-headed hydra bites you but does no damage.
The eight-headed hydra bites you!
* * * LOW HITPOINT WARNING * * *
The eight-headed hydra bites you but does no damage.
The eight-headed hydra bites you!
* * * LOW HITPOINT WARNING * * *
The eight-headed hydra bites you.
You die...

......###...
.....#.#...
........F..
..........
#........#
..†....##
##D......#
####.@§†.....
#P#...†......
#.†...##.....
####.....# ....
..# ####........#
...
....#..........##
#.
....#..........#
............#.##
............###


You could see an eight-headed hydra and a blink frog.

Vanquished Creatures
  Rupert (Lair:3)
  Gastronok (D:12)
  3 hydras
  A boulder beetle (D:11)
  5 two-headed ogres
  A catoblepas (Lair:4)
  4 death yaks (Lair:2)
  A tengu warrior (D:10)
  A lindwurm (Lair:6)
  A deep elf pyromancer (D:10)
  An ugly thing (D:11)
  A manticore (D:10)
  7 elephants
  4 black mambas
  13 cane toads
  A gargoyle (D:10)
  7 komodo dragons
  A rime drake (Lair:3)
  An efreet (D:10)
  2 kobold demonologists
  3 trolls
  A tengu conjurer (D:10)
  2 polar bears
  24 blink frogs
  10 slime creatures (D:12)
  A meliai zombie (D:11)
  A shadow (D:12)
  2 wraiths
  10 wyverns
  45 yaks
  2 vampires
  4 basilisks
  3 steam dragons
  9 vampire mosquitoes
  A naga (Lair:2)
  4 water moccasins
  An acid dragon (D:10)
  5 orc warriors
  An ice beast (D:7)
  An ogre (D:7)
  A necrophage (D:6)
  A boggart (D:10)
  7 centaurs
  3 wolves (Lair:3)
  6 kobold brigands
  11 bullfrogs
  Blork the orc (D:6)
  2 scorpions
  A wyvern zombie (D:8)
  A gnoll sergeant (D:7)
  A water moccasin zombie (D:5)
  A wyvern skeleton (D:7)
  A water moccasin skeleton (D:6)
  41 killer bees
  A wight (D:10)
  An electric eel (Lair:6)
  3 howler monkeys
  8 centaur zombies
  A crimson imp (D:7)
  A human zombie (Ossuary)
  2 orc priests
  3 hounds
  2 jellies
  2 gnoll shamans
  Terence (D:3)
  Natasha (twice) (D:2)
  4 iguanas
  16 orc wizards
  A scorpion zombie (D:5)
  5 hell rats
  A killer bee zombie (D:6)
  2 hound skeletons (D:5)
  5 mummies (Ossuary)
  5 howler monkey zombies
  12 gnolls
  10 adders
  A howler monkey skeleton (D:5)
  14 river rats
  An ufetubus (D:7)
  3 dart slugs
  27 orcs
  2 bats
  4 endoplasms
  4 giant cockroaches
  6 goblins
  8 hobgoblins
  8 jackals
  19 kobolds
  3 ball pythons
  A frilled lizard (D:3)
  A goblin zombie (Ossuary)
  2 hobgoblin zombies (Ossuary)
  10 rats
467 creatures vanquished.

Vanquished Creatures (others)
  A centaur zombie (D:10)
  4 kobolds (D:10)
  A butterfly (D:9)
  10 fungi
  14 plants
  5 toadstools (D:11)
35 creatures vanquished.

Grand Total: 502 creatures vanquished

Notes
Turn   | Place    | Note
-------+----------+-------------------------------------------
     0 | D:1      | Morbidden the Demigod Conjurer began the quest for the Orb.
     0 | D:1      | Reached XP level 1. HP: 14/14 MP: 5/5
   431 | D:1      | Reached XP level 2. HP: 20/20 MP: 4/7
   464 | D:1      | Learned a level 2 spell: Searing Ray
   630 | D:1      | Reached skill level 4 in Conjurations
  1036 | D:2      | Noticed Natasha
  1039 | D:2      | Killed Natasha
  1040 | D:2      | Reached XP level 3. HP: 26/26 MP: 3/9
  1249 | D:2      | Reached XP level 4. HP: 33/33 MP: 4/10
  1991 | D:2      | Noticed Natasha
  1998 | D:2      | Killed Natasha
  2194 | D:3      | Reached skill level 5 in Conjurations
  2203 | D:3      | Reached XP level 5. HP: 28/38 MP: 4/12
  2746 | D:3      | Noticed Terence
  2753 | D:3      | Killed Terence
  3561 | D:4      | Reached XP level 6. HP: 26/46 MP: 13/13
  3563 | D:4      | Identified the +0 helmet "Pimi Itu" {-Cast rElec rN+++
                  | Slay+3}
  3728 | D:4      | Reached skill level 1 in Fighting
  3728 | D:4      | Reached skill level 1 in Shields
  3892 | D:4      | Found Raikydgh's Book Boutique.
  4392 | D:5      | Entered Level 5 of the Dungeon
  4392 | D:5      | Found a glowing drain.
  4409 | D:4      | Reached skill level 1 in Short Blades
  4701 | D:5      | Reached XP level 7. HP: 20/52 MP: 11/16
  4767 | Sewer    | Entered a sewer
  5123 | D:5      | Learned a level 3 spell: Vampiric Draining
  5320 | D:5      | Reached skill level 6 in Conjurations
  5899 | D:6      | Noticed Blork the orc
  5903 | D:6      | Killed Blork the orc
  6099 | D:6      | Found a staircase to the Ecumenical Temple.
  6180 | D:6      | Reached XP level 8. HP: 61/61 MP: 18/18
  6246 | D:6      | Reached skill level 1 in Necromancy
  6557 | D:6      | Found Cuceuj's Serpentskin Sales.
  6574 | D:6      | Reached skill level 5 in Spellcasting
  7262 | D:7      | Identified the +2 leather armour of Izxeplum {+Blink}
  7360 | D:7      | Found a sand-covered staircase.
  7370 | Ossuary  | Entered an ossuary
  7538 | Ossuary  | Reached skill level 7 in Conjurations
  8243 | D:7      | Reached XP level 9. HP: 57/68 MP: 19/21
  8391 | D:7      | Identified the +1 ring mail of Dogmatism {rN+ Regen+ Slay+2
                  | Stlth+}
  9053 | D:8      | Found Bievir's Antique Weapon Boutique.
  9288 | D:8      | Reached skill level 1 in Armour
 10248 | D:9      | Noticed a kobold demonologist
 10254 | D:9      | Killed a kobold demonologist
 10419 | D:9      | Noticed a two-headed ogre
 10443 | D:9      | Killed a two-headed ogre
 10450 | D:9      | Learned a level 4 spell: Iskenderun's Mystic Blast
 10713 | D:9      | Noticed a two-headed ogre
 10721 | D:9      | Killed a two-headed ogre
 10722 | D:9      | Reached skill level 8 in Conjurations
 10722 | D:9      | Reached XP level 10. HP: 78/78 MP: 23/23
 11192 | D:10     | Entered Level 10 of the Dungeon
 11244 | D:10     | Reached skill level 1 in Translocations
 11482 | D:10     | Reached skill level 5 in Dodging
 11894 | D:10     | Noticed a deep elf pyromancer
 11895 | D:10     | Noticed a manticore
 11899 | D:10     | Killed a deep elf pyromancer
 11899 | D:10     | Noticed a seven-headed hydra
 11902 | D:10     | Killed a manticore
 11907 | D:10     | Killed a seven-headed hydra
 11908 | D:10     | Reached XP level 11. HP: 67/85 MP: 8/26
 12032 | D:10     | Identified the +11 dire flail "Dragonbane" {drain, rPois
                  | Dex+5}
 12065 | D:10     | Reached skill level 9 in Conjurations
 12487 | D:10     | Noticed a tengu warrior
 12489 | D:10     | Noticed a six-headed hydra
 12492 | D:10     | Noticed a two-headed ogre
 12501 | D:10     | Killed a two-headed ogre
 12811 | D:10     | Killed a tengu warrior
 12812 | D:10     | Reached skill level 1 in Long Blades
 12877 | D:10     | Found a staircase to the Lair.
 13045 | D:10     | Reached skill level 5 in Fighting
 13292 | D:11     | Noticed a boulder beetle
 13302 | D:11     | Killed a boulder beetle
 13852 | D:11     | Noticed an eight-headed hydra
 13860 | D:11     | Killed an eight-headed hydra
 13861 | D:11     | Reached skill level 5 in Shields
 13955 | D:11     | Noticed a two-headed ogre
 13963 | D:11     | Killed a two-headed ogre
 14088 | D:11     | Identified a scroll of acquirement
 14088 | D:11     | Acquired the +0 helmet "Nilimicw" {rElec rPois rF+ Str+2}
 14525 | D:12     | Noticed Gastronok
 14558 | D:12     | Killed Gastronok
 14559 | D:12     | Reached XP level 12. HP: 77/94 MP: 28/28
 14885 | D:12     | Found a staircase to the Orcish Mines.
 15028 | D:12     | Reached skill level 5 in Necromancy
 15344 | D:4      | Bought a book of Stone for 504 gold pieces
 15351 | D:4      | Learned a level 6 spell: Statue Form
 15357 | D:4      | Learned a level 5 spell: Bolt of Magma
 15863 | D:12     | Reached skill level 1 in Fire Magic
 16277 | Lair:1   | Entered Level 1 of the Lair of Beasts
 16968 | Lair:1   | Reached skill level 1 in Earth Magic
 17450 | Lair:2   | Reached skill level 1 in Transmutations
 17524 | Lair:2   | Found a staircase to the Snake Pit.
 18662 | Lair:2   | Reached skill level 10 in Conjurations
 18668 | Lair:2   | Reached XP level 13. HP: 94/103 MP: 23/30
 19274 | Lair:3   | Noticed Rupert
 19287 | Lair:3   | Reached skill level 5 in Armour
 19314 | Lair:3   | Killed Rupert
 19315 | Lair:3   | Reached skill level 5 in Translocations
 20093 | Lair:3   | Found a staircase to the Swamp.
 20528 | Swamp:1  | Entered Level 1 of the Swamp
 21795 | Lair:5   | Reached skill level 5 in Long Blades
 22031 | Lair:5   | Found the +3 robe of Clouds {+Thunder rCloud rElec}
 22758 | Lair:6   | Entered Level 6 of the Lair of Beasts
 22898 | Lair:6   | Identified the +1 helmet "Zaclyb" {rElec}
 23031 | Lair:6   | HP: 5/104 [eight-headed hydra (3)]
 23031 | Lair:6   | HP: 2/104 [eight-headed hydra (3)]
 23031 | Lair:6   | Slain by an eight-headed hydra

Illustrated notes

Levels and vault maps discovered:
D:1:      wander_arrival_desolate, layout_basic,
          shapermc_ecumenical_altar_mp_vishouse
D:2:      layout_rooms, serial_corexii_hall, corexii_hall_statues_x,
          corexii_hall_statues_l, grunt_decor_clamped, kennysheep_potato,
          uniq_natasha
D:3:      layout_rooms, lemuel_doored_altar, uniq_terence
D:4:      layout_gridville, serial_shops, nicolae_shop_waterfront,
          minmay_crystal_water, roderic_lattice_a,
          hangedman_abyss_or_decor_stabs, minivault_4, minmay_distorted
D:5:      layout_basic, lemuel_tele_altar, okawaru_gym_becter,
          portal_sewer_entry_a
D:6:      layout_loops_ring, nicolae_overflow_hidden_temple,
          mainiacjoe_overflow_cross_hatched, minmay_temple_entry_tees,
          minmay_holes, nicolae_zen_rock_garden, guppyfry_shop_venom,
          uniq_blork_the_orc
D:7:      layout_loops_ring, grunt_temple_overflow_champion_of_chaos,
          nicolae_wu_jian_wuxing_cycle, nicolae_ru_awakened_eye,
          enter_ossuary_1, minmay_checkerbox
D:8:      minmay_flawed_box, layout_loops_cross, nicolae_overflow_crystal_walls,
          serial_shops, shop
D:9:      layout_loops_cross, nicolae_elyvilon_peaceful_grove
D:10:     minmay_the_grid_octo_tiled_squarecenter [minmay_the_grid_octo_toaster,
          minmay_the_grid_octo_focus, minmay_the_grid_octo_tetromino_candy,
          minmay_the_grid_octo_concentric,
          minmay_the_grid_square_5x5_megaprize_checkered,
          minmay_the_grid_square_5x5_inset,
          minmay_the_grid_square_5x5_beaten_path,
          minmay_the_grid_square_5x5_inner_v,
          minmay_the_grid_square_5x5_bridge], layout_gridville,
          lair_entry_dummy, serial_park_tiny_2, grunt_tough_drop
D:11:     layout_layer_cave, minmay_gold_behind_fungi, minmay_misc_feat_cross
D:12:     lemuel_ice_spiral_2, layout_stronghold, orc_0_dummy,
          serial_column_ruins, column_ruins_pillar_1, column_ruins_pillar_1,
          column_ruins_pillar_3, column_ruins_pillar_1, column_ruins_pillar_11,
          column_ruins_pillar_2, column_ruins_pillar_5, column_ruins_pillar_8,
          amcnicky_mini_rare_corridor_liquid, grunt_decor_junction,
          uniq_gastronok
Lair:1:   layout_regular_city
Lair:2:   layout_regular_city, guppyfry_snake_entry_garden, minivault_19,
          serial_bayou_pond_e, kennysheep_abandoned_house
Lair:3:   regret_index_bee_streams, layout_regular_city, swamp_mist,
          minmay_lair_oklob_chamber, grunt_megastairs_1, serial_bayou_shore_b,
          lemuel_fruit_fields, serial_bayou_shore_b, uniq_rupert
Lair:4:   layout_regular_city, grunt_megastairs_2
Lair:5:   layout_hall_layers, infiniplex_staircase_pool_2
Lair:6:   hangedman_lair_caniforms_friends, layout_hall_layers,
          guppyfry_lair_end_dragon, minmay_slime_entry_oklob_open,
          eino_house_with_fridge, serial_bayou_shore_a
Swamp:1:  layout_basic_swamp, nicolae_swamp_little_tower

Skill      XL: |  1  2  3  4  5  6  7  8  9 10 11 12 13 |
---------------+----------------------------------------+-----
Spellcasting   | 2 3 4 5 6 7 8 9 |  9.8
Conjurations   | 4 5 6 7 8 9 10 | 10.4
Dodging        | 2 3 4 5 6 7 |  7.5
Stealth        | 2 3 |  3.9
Fighting       | 1 2 3 4 5 6 |  6.9
Shields        | 1 2 3 4 5 |  5.7
Short Blades   | 1 3 4 |  4.9
Necromancy     | 2 3 4 5 |  5.9
Armour         | 2 3 4 5 |  5.5
Translocations | 2 3 4 5 |  5.0
Long Blades    | 2 3 5 |  5.2
Fire Magic     | 2 4 |  4.3
Earth Magic    | 1 2 |  2.7
Transmutations | 1 4 |  4.1
Throwing       | |  0.9
Evocations     | |  0.5

Action                   |  1- 3 |  4- 6 |  7- 9 | 10-12 | 13-15 || total
-------------------------+-------+-------+-------+-------+-------++-------
Melee: Unarmed           |     1 |     1 |       |       |       ||     2
       Dagger            |       |       |     1 |    39 |       ||    40
       Short sword       |       |       |    35 |       |       ||    35
       Scimitar          |       |       |       |    68 |    26 ||    94
Throw: Dart              |       |       |     1 |     5 |     3 ||     9
       Boomerang         |       |       |       |     4 |       ||     4
       Throwing net      |       |       |       |       |     1 ||     1
 Cast: Magic Dart        |    59 |    81 |   116 |    64 |       ||   320
       Searing Ray       |     2 |    25 |    92 |    72 |       ||   191
       Vampiric Draining |       |       |     5 |     7 |       ||    12
       Iskenderun's Myst |       |       |       |   172 |   131 ||   303
       Bolt of Magma     |       |       |       |     2 |    12 ||    14
Evoke: Wand              |       |       |       |     6 |     5 ||    11
  Use: Scroll            |       |     1 |     6 |     6 |     1 ||    14
       Potion            |       |     1 |     1 |     1 |     2 ||     5
 Stab: Sleeping          |       |       |     3 |     2 |     3 ||     8
Armor: Robe              |     2 |    10 |    11 |       |       ||    23
       Leather armour    |       |       |    24 |       |       ||    24
       Ring mail         |       |       |    10 |    87 |    73 ||   170
Dodge: Dodged            |     9 |    40 |    88 |   141 |    93 ||   371
Block: Buckler           |       |    14 |    30 |    68 |    30 ||   142
       Rpst.: Scimitar   |       |       |       |    14 |    27 ||    41

Table legend: (Time is in decaauts)
 A = Elapsed time spent in this place.
 B = Non-inter-level travel time spent in this place.
 C = Inter-level travel time spent in this place.
 D = Time resting spent in this place.
 E = Time spent auto-exploring this place.
 F = Levels seen in this place.
 G = Mean time per level.
                   A        B        C        D        E       F      G
               +--------+--------+--------+--------+--------+-----+--------+
         Total |  23081 |  21882 |   1199 |    580 |  18152 |  21 | 1099.1 |
       Dungeon |  15434 |  14345 |   1089 |    436 |  11918 |  12 | 1286.2 |
          Lair |   6771 |   6662 |    109 |    144 |   5526 |   6 | 1128.5 |
         Swamp |      1 |      1 |      0 |      0 |      0 |   1 |    1.0 |
         Sewer |    360 |    360 |      0 |      0 |    317 |   1 |  360.0 |
       Ossuary |    513 |    513 |      0 |      0 |    390 |   1 |  513.0 |
               +--------+--------+--------+--------+--------+-----+--------+

Top non-repeatable levels by time:
    D:10: 2134 daAuts
     D:4: 1775 daAuts
  Lair:3: 1637 daAuts
  Lair:2: 1633 daAuts
     D:6: 1404 daAuts
    D:12: 1356 daAuts
    D:11: 1298 daAuts
     D:8: 1295 daAuts
     D:2: 1214 daAuts
     D:7: 1182 daAuts
  Lair:5: 1115 daAuts
  Lair:4: 1104 daAuts
     D:5: 1017 daAuts
  Lair:1: 1012 daAuts
     D:1: 971 daAuts
